 Dungeon Crawl Stone Soup version 0.30.0-29-ga12c61a403 (webtiles) character file.

Game seed: 3747724717509256373

297 boopmooplesden the Slasher (level 6, -3/79 HPs)
             Began as a Draconian Berserker on June 23, 2023.
             Was a Believer of Trog.
             Killed from afar by a white imp (5 damage)
             ... with a puff of frost
             ... summoned by Eustachio
             ... on level 4 of the Dungeon.
             The game lasted 00:03:58 (3456 turns).

boopmooplesden the Slasher (Draconian Berserker)    Turns: 3456, Time: 00:04:00

Health: -3/79      AC:  8    Str: 21    XL:     6   Next: 12%
Magic:  6/6        EV: 13    Int:  7    God:    Trog [**....]
Gold:   218        SH:  0    Dex: 11    Spells: 5/5 levels left

rFire   . . .        a - +1 falchion (venom)
rCold   . . .        (no shield)
rNeg    . . .        (body armour unavailable)
rPois   .            l - +2 hat
rElec   .            (no cloak)
rCorr   +            (no gloves)
SInv    .            (no boots)
Will    .....        (no amulet) Stlth
                     d - ring of resist corrosion
HPRegen 0.33/turn    (no ring)
MPRegen 0.10/turn

%: no passive effects
@: berserking (expiring), very quick
A: AC +6, unfitting armour, cold-blooded
a: Renounce Religion, Berserk, Trog's Hand


You were on level 4 of the Dungeon.
You worshipped Trog.
Trog was pleased with you.
You visited 1 branch of the dungeon, and saw 4 of its levels.

You collected 218 gold pieces.

Inventory:

Hand Weapons
 a - a +1 falchion of venom (weapon)
Armour
 l - a +2 hat (worn)
Jewellery
 d - a ring of resist corrosion (left hand)
 f - an amulet of magic regeneration
Wands
 o - a wand of flame (14)
Scrolls
 e - 4 scrolls of teleportation
 k - 5 scrolls of identify
 p - a scroll of fear
Potions
 b - a potion of curing
 h - a potion of degeneration {unknown}
 i - 2 potions of berserk rage {unknown}
 j - a potion of mutation {unknown}
 r - a potion of resistance {unknown}


   Skills:
 + Level 4.5 Fighting
 + Level 5.1 Long Blades
 + Level 3.9 Dodging
 + Level 1.5 Stealth


You had 5 spell levels left.
You didn't know any spells.
Your spell library was empty.

Dungeon Overview and Level Annotations

Branches:
Dungeon (4/15)
 Temple: D:4-7

Altars:
Cheibriados
Zin

Annotations:
D:4 Eustachio


Innate Abilities, Weirdness & Mutations

Your plain brown scales are hard. (AC +6)
You cannot fit into any form of body armour.
You are cold-blooded and may be slowed by cold attacks.


Message History

The quasit misses you. The quasit closely misses you.
The quasit barely misses you. The hound bites you but does no damage.
The white imp barely misses you.
The river rat bites you but does no damage.
You slash the hound!
The hound is poisoned.
Your tail-slap misses the hound.
The hound is heavily wounded.
The quasit misses you. The quasit barely misses you.
The quasit claws you but does no damage.
The hound bites you but does no damage.
You barely miss the hound.
The hound is heavily wounded.
You feel sick.
You are no longer poisoned.
The white imp gestures at you. The puff of frost misses you.
Eustachio screams, "Hey, you killed my favourite bat!"
The river rat bites you but does no damage.
The hound bites you.
* * * LOW HITPOINT WARNING * * *
The quasit bites you but does no damage.
The quasit misses you. x2
You slash the hound!
You kill the hound!
Trog accepts your kill. The quasit closely misses you.
The quasit barely misses you. x2
The white imp gestures at you. The puff of frost hits you!
* * * LOW HITPOINT WARNING * * *
The white imp barely misses you. The river rat misses you.
You are too berserk!
You completely miss the river rat.
Your tail-slap misses the river rat.
The quasit closely misses you. x2
The quasit claws you but does no damage.
You slash the river rat!
The river rat is poisoned.
The river rat is severely wounded.
You kill the river rat!
The river rat's corpse disappears in a puff of smoke!
The white imp gestures at you. The puff of frost hits you.
You die...

.. .# .# .# .#
# .##.##.
#######5@r....
#####
#....§@†5.....
...#
#.#####5##.#.#
###.###.#### r#
# #..........#
.#
#....#.###.##.#
.. ##..###.#
#.# ....
........# #..
.... .##.##.##
#### ##.
.##>##.#


You could see Eustachio (poisoned), a quasit (summoned), a river rat (summoned),
2 white imps and a quokka (summoned).

Vanquished Creatures
  2 hounds (D:4)
  An orc priest (D:3)
  Natasha (thrice) (D:2)
  2 orc wizards (D:3)
  A mummy (D:3)
  An adder (D:3)
  A worm (D:2)
  2 dart slugs (D:3)
  8 orcs (D:3)
  4 endoplasms
  8 goblins
  5 hobgoblins
  5 kobolds
  3 quokkas
  3 ball pythons
  2 frilled lizards
  4 rats
55 creatures vanquished.

Notes
Turn   | Place    | Note
-------+----------+-------------------------------------------
     0 | D:1      | boopmooplesden the Draconian Berserker began the quest for
                  | the Orb.
     0 | D:1      | Reached XP level 1. HP: 19/19 MP: 1/1
   214 | D:1      | Reached XP level 2. HP: 21/26 MP: 2/2
   765 | D:2      | Found a glowing silver altar of Zin.
  1127 | D:2      | Reached ** piety under Trog
  1148 | D:2      | Noticed Natasha
  1161 | D:2      | Killed Natasha
  1162 | D:2      | Reached XP level 3. HP: 17/33 MP: 3/3
  1540 | D:2      | Noticed Natasha
  1551 | D:2      | Killed Natasha
  1552 | D:2      | Reached XP level 4. HP: 28/40 MP: 4/4
  1860 | D:2      | Noticed Natasha
  1872 | D:2      | Killed Natasha
  1873 | D:2      | Reached skill level 4 in Long Blades
  2221 | D:3      | Found a faded altar of an unknown god.
  2297 | D:3      | Reached XP level 5. HP: 46/46 MP: 5/5
  2370 | D:3      | Reached skill level 1 in Stealth
  2442 | D:3      | Found a snail-covered altar of Cheibriados.
  3400 | D:4      | Reached skill level 5 in Long Blades
  3400 | D:4      | Reached XP level 6. HP: 53/53 MP: 6/6
  3421 | D:4      | Noticed Eustachio
  3454 | D:4      | HP: 1/79 [white imp/puff of frost[Eustachio] (7)]
  3456 | D:4      | Killed from afar by a white imp

Illustrated notes

Levels and vault maps discovered:
D:1:      nzn_arrival_crosshair, layout_basic, due_unseen_surprise
D:2:      layout_loops_cross, basic_altar, uniq_natasha
D:3:      layout_loops_corners, slow_altar_2, serial_aquarium,
          aquarium_bridge_long_joined [aquarium_subvault_bridge,
          aquarium_subvault_bridge, aquarium_subvault_wall,
          aquarium_subvault_bridge, aquarium_subvault_wall,
          aquarium_subvault_wall], aquarium_bridge_square
          [aquarium_subvault_bridge, aquarium_subvault_bridge,
          aquarium_subvault_balcony, aquarium_subvault_wall],
          aquarium_window_fake, aquarium_window_fake, aquarium_view_2d,
          aquarium_view_2e, aquarium_pool_1, basic_ecumenical_altar,
          chequers_serial_rivers_micro_a, kennysheep_nub,
          chequers_serial_rivers_micro_b, minmay_goblin_kobold_house
D:4:      layout_loops_cross, serial_shops, nicolae_shop_gaudy_bauble, shop,
          nicolae_shop_tiny_waterfront, nicolae_shop_mannequins,
          nicolae_kite_square_tiling_tiny, uniq_eustachio

Skill      XL: |  1  2  3  4  5 |
---------------+----------------+-----
Dodging        | 3 |  3.9
Fighting       | 4 |  4.5
Long Blades    | 4 5 |  5.1
Stealth        | 1 |  1.5

Action                     |  1- 3 |  4- 6 || total
---------------------------+-------+-------++-------
  Melee: Falchion          |    73 |   106 ||   179
         Tailslap          |     8 |    10 ||    18
         Punch             |     2 |       ||     2
 Invoke: Berserk           |     1 |     5 ||     6
    Use: Scroll            |     3 |     5 ||     8
 Armour: Skin              |    16 |    33 ||    49
  Dodge: Dodged            |    45 |    78 ||   123
